 Dungeon Crawl Stone Soup version 0.29.0-4-gdea44cf6ec (webtiles) character file.

Game seed: 770179664752110977

117 qw the Sneak (level 5, -15/32 HPs)
             Began as a Gargoyle Delver on Sept 10, 2022.
             Killed from afar by a steam dragon (16 damage)
             ... with a ball of steam
             ... on level 3 of the Dungeon.
             The game lasted 00:01:26 (3412 turns).

qw the Sneak (Gargoyle Delver)                      Turns: 3412, Time: 00:01:27

Health: -15/32     AC: 13    Str: 17    XL:     5   Next: 1%
Magic:  5/5        EV:  5    Int: 11    God:
Gold:   203        SH: 11    Dex: 11    Spells: 4/4 levels left

rFire   . . .      SeeInvis .   Y - +1 hand axe
rCold   . . .      Faith    .   l - +0 tower shield
rNeg    + . .      Spirit   .   m - +0 scale mail
rPois   inf        Reflect  .   (no helmet)
rElec   +          Harm     .   (no cloak)
rCorr   .          Rampage  .   p - +2 pair of gloves
Will    .....                   (no boots)
Stlth   +.........              (no amulet)
HPRegen 0.10/turn               (no ring)
MPRegen 0.09/turn               (no ring)

@: no status effects
A: sickness immunity, AC +4, negative energy resistance 1, electricity
resistance, torment resistance 1, petrification resistance
a: no special abilities


You were on level 3 of the Dungeon.
You visited 1 branch of the dungeon, and saw 5 of its levels.

You collected 203 gold pieces.


Innate Abilities, Weirdness & Mutations

You are immune to sickness and miasma.
Your stone body is resilient. (AC +4)
You are immune to poison.
You resist negative energy. (rN+)
You are resistant to electric shocks. (rElec)
You are resistant to unholy torment.
You are immune to petrification.


   Skills:
 - Level 3.2 Fighting
 - Level 3.7 Axes
 - Level 1.5 Dodging
 - Level 5.4 Stealth
 + Level 2.8 Shields


You had 4 spell levels left.
You didn't know any spells.
Your spell library was empty.

Inventory:

Hand Weapons
 d - a +0 mace
 Y - a +1 hand axe (weapon)
Armour
 b - a +0 chain mail
 l - a +0 tower shield (worn)
 m - a +0 scale mail (worn)
 p - a +2 pair of gloves (worn)
Wands
 g - a wand of digging (3)
Scrolls
 a - a scroll of identify
Potions
 c - a potion of cancellation {unknown}
 e - a potion of lignification {unknown}
 f - a potion of haste
 h - 5 potions of curing

Dungeon Overview and Level Annotations

Branches:
Dungeon (5/15)
 Temple: D:4-7

Altars:
Nemelex Xobeh


Message History

You now have 203 gold pieces (gained 16).
A steam dragon comes into view.
The steam dragon hisses angrily.
The steam dragon moves out of view.
Enter note: The steam dragon breathes steam at you.
The ball of steam hits you!
Ouch! That really hurt!
3403 ||| Stepping ~*~*~tactically~*~*~ (cloud).
3404 ||| Stepping ~*~*~tactically~*~*~ (cloud).
A steam dragon is nearby!
You hit the steam dragon.
The steam dragon is lightly wounded.
The steam dragon bites you but does no damage.
The steam dragon claws you but does no damage.
You closely miss the steam dragon.
The steam dragon is lightly wounded.
The steam dragon breathes steam at you.
The ball of steam hits you but does no damage.
The steam dragon bites you but does no damage.
The steam dragon claws you but does no damage.
You closely miss the steam dragon.
The steam dragon is lightly wounded.
You are engulfed in a cloud of scalding steam.
The steam dragon bites you but does no damage.
You block the steam dragon's attack.
An endoplasm comes into view.
You closely miss the steam dragon.
The steam dragon is lightly wounded.
You are engulfed in a cloud of scalding steam.
The steam dragon barely misses you. x2; You block the steam dragon's attack.
The steam dragon claws you but does no damage.
You hit the steam dragon but do no damage.
The steam dragon is lightly wounded.
You are engulfed in a cloud of scalding steam.
Ouch! That really hurt!
The steam dragon breathes steam at you. The ball of steam hits you!
Ouch! That really hurt!
You die...

######## #......# #......#
#......# # #......# #
#......# #
##########......#####
..D##..D@..¤¤............
....J...¤...##......#####
...####..##.##......# #
##......#......# ## ###
##........#.##### ##. ....
#...........# #..
.....##..).....?..#######.#
....:..(...................
.....###..........#######..#


You could see a steam dragon (catching breath) and an endoplasm.

Vanquished Creatures
  5 adders
  2 worms
  A dart slug (D:1)
  3 orcs
  4 endoplasms
  2 giant cockroaches
  10 goblins
  6 hobgoblins
  2 jackals (D:1)
  8 kobolds
  2 quokkas
  5 ball pythons
  5 bats
  2 frilled lizards
  2 rats
59 creatures vanquished.

Notes
Turn   | Place    | Note
-------+----------+-------------------------------------------
     0 | D:5      | qw the Gargoyle Delver began the quest for the Orb.
     0 | D:5      | Reached XP level 1. HP: 14/14 MP: 1/1
     0 | D:5      | 0 ||| qw: Version: 0.1-a-117-gfe26ee0
     0 | D:5      | 0 ||| qw: Game counter: 9636
     0 | D:5      | 0 ||| qw: Always use a shield: true
     0 | D:5      | 0 ||| qw: God list: Okawaru
     0 | D:5      | 0 ||| qw: Allow faded altars: false
     0 | D:5      | 0 ||| qw: Do Orc after D:15 true
     0 | D:5      | 0 ||| qw: Do second Lair branch before Depths: true
     0 | D:5      | 0 ||| qw: Lair rune preference: random
     0 | D:5      | 0 ||| qw: Plans: Normal
     0 | D:5      | 0 ||| PLANNING D:1-11
    25 | D:5      | Reached XP level 2. HP: 13/19 MP: 2/2
    42 | D:5      | Noticed a water moccasin
    46 | D:5      | 46 ||| Stepping ~*~*~tactically~*~*~ (stealth).
   144 | D:5      | 144 ||| DROPPING scroll of fog.
   145 | D:5      | 145 ||| DROPPING scroll of magic mapping.
   146 | D:5      | 146 ||| DROPPING scroll of fear.
   446 | D:4      | 446 ||| Stepping ~*~*~tactically~*~*~ (stealth).
   447 | D:4      | 447 ||| Stepping ~*~*~tactically~*~*~ (stealth).
   460 | D:4      | HP: 4/19 [adder (1)]
   464 | D:4      | HP: 1/19 [adder (4)]
   467 | D:4      | Reached skill level 3 in Axes
   900 | D:4      | Reached XP level 3. HP: 18/23 MP: 3/3
   983 | D:4      | 983 ||| READING 2 scrolls labelled ESIUZA PIODGH.
   984 | D:4      | 984 ||| DRINKING 4 inky potions.
  1111 | D:2      | 1111 ||| READING 2 scrolls of identify.
  1111 | D:2      | 1111 ||| IDENTIFYING yellow potion
  1112 | D:2      | 1112 ||| DROPPING potion of flight.
  1113 | D:2      | Found a sparkling altar of Nemelex Xobeh.
  1118 | D:2      | 1118 ||| FLEEEEING.
  1119 | D:2      | 1119 ||| FLEEEEING.
  1120 | D:2      | 1120 ||| STAIRDANCE
  1211 | D:1      | 1211 ||| Stepping ~*~*~tactically~*~*~ (stealth).
  1371 | D:1      | 1371 ||| Stepping ~*~*~tactically~*~*~ (stealth).
  1649 | D:1      | Found a faded altar of an unknown god.
  1689 | D:1      | 1689 ||| Stepping ~*~*~tactically~*~*~ (stealth).
  1690 | D:1      | 1690 ||| Stepping ~*~*~tactically~*~*~ (stealth).
  1720 | D:1      | 1720 ||| Stepping ~*~*~tactically~*~*~ (stealth).
  2249 | D:1      | 2249 ||| UPGRADING to +0 ring mail.
  2259 | D:1      | 2259 ||| DROPPING +0 leather armour.
  2260 | D:1      | 2260 ||| UPGRADING to +0 tower shield.
  2265 | D:1      | 2265 ||| READING scroll labelled DIJOAT COWNYPI.
  2266 | D:1      | 2266 ||| READING scroll labelled WUCHOB TYIBINTOSA.
  2267 | D:1      | 2267 ||| READING scroll labelled IKLOT ISORA.
  2281 | D:2      | 2281 ||| STAIRDANCE
  2299 | D:2      | 2299 ||| STAIRDANCE
  2304 | D:1      | Reached XP level 4. HP: 28/28 MP: 4/4
  2306 | D:2      | 2306 ||| Stepping ~*~*~tactically~*~*~ (stealth).
  2330 | D:2      | 2330 ||| Stepping ~*~*~tactically~*~*~ (stealth).
  2348 | D:2      | 2348 ||| Stepping ~*~*~tactically~*~*~ (stealth).
  2349 | D:2      | 2349 ||| Stepping ~*~*~tactically~*~*~ (stealth).
  2367 | D:2      | Reached skill level 1 in Shields
  2440 | D:2      | 2440 ||| Stepping ~*~*~tactically~*~*~ (stealth).
  2448 | D:2      | 2448 ||| Stepping ~*~*~tactically~*~*~ (stealth).
  2450 | D:2      | 2450 ||| Stepping ~*~*~tactically~*~*~ (stealth).
  2452 | D:2      | 2452 ||| Stepping ~*~*~tactically~*~*~ (stealth).
  2454 | D:2      | 2454 ||| Stepping ~*~*~tactically~*~*~ (stealth).
  2456 | D:2      | 2456 ||| Stepping ~*~*~tactically~*~*~ (stealth).
  2458 | D:2      | 2458 ||| Stepping ~*~*~tactically~*~*~ (stealth).
  2462 | D:2      | 2462 ||| Stepping ~*~*~tactically~*~*~ (stealth).
  2467 | D:2      | 2467 ||| Stepping ~*~*~tactically~*~*~ (stealth).
  2505 | D:2      | 2505 ||| Stepping ~*~*~tactically~*~*~ (stealth).
  2640 | D:2      | Identified the +2 leather armour of the Evening {Will+
                  | Int+2}
  2715 | D:2      | 2715 ||| Stepping ~*~*~tactically~*~*~ (stealth).
  2717 | D:2      | 2717 ||| Stepping ~*~*~tactically~*~*~ (stealth).
  2722 | D:2      | 2722 ||| Stepping ~*~*~tactically~*~*~ (stealth).
  2724 | D:2      | 2724 ||| Stepping ~*~*~tactically~*~*~ (stealth).
  2725 | D:2      | 2725 ||| Stepping ~*~*~tactically~*~*~ (stealth).
  2726 | D:2      | 2726 ||| Stepping ~*~*~tactically~*~*~ (stealth).
  2727 | D:2      | 2727 ||| Stepping ~*~*~tactically~*~*~ (stealth).
  2953 | D:2      | 2953 ||| UPGRADING to +0 scale mail.
  2963 | D:2      | 2963 ||| DROPPING +0 ring mail.
  2964 | D:2      | 2964 ||| DROPPING +2 leather armour of the Evening {Will+
                  | Int+2}.
  2965 | D:2      | 2965 ||| UPGRADING to +0 pair of gloves.
  2970 | D:2      | 2970 ||| READING scroll of enchant armour.
  2970 | D:2      | 2970 ||| ENCHANTING +0 pair of gloves.
  2971 | D:2      | 2971 ||| DROPPING ring of flight.
  2972 | D:2      | 2972 ||| DROPPING ring of wizardry.
  2973 | D:2      | 2973 ||| READING scroll labelled TIUL TIEXT.
  2974 | D:2      | 2974 ||| READING scroll labelled ROHUJ HAHOIF.
  3022 | D:3      | 3022 ||| FLEEEEING.
  3030 | D:3      | 3030 ||| STAIRDANCE
  3255 | D:3      | Reached XP level 5. HP: 31/32 MP: 5/5
  3294 | D:3      | 3294 ||| READING scroll of enchant armour.
  3294 | D:3      | 3294 ||| ENCHANTING +1 pair of gloves.
  3401 | D:3      | Noticed a steam dragon
  3403 | D:3      | 3403 ||| Stepping ~*~*~tactically~*~*~ (cloud).
  3404 | D:3      | 3404 ||| Stepping ~*~*~tactically~*~*~ (cloud).
  3412 | D:3      | HP: 1/32 [steam dragon] (16)]
  3412 | D:3      | Killed from afar by a steam dragon

Levels and vault maps discovered:
D:1:      wander_arrival_chamber, layout_loops_ring, basic_ecumenical_altar
D:2:      layout_basic, basic_altar, minmay_goblin_outpost
D:3:      layout_rooms
D:4:      layout_basic, mainiacjoe_overflow_alcove_1, minivault_4,
          hangedman_decor_clover_reticule, hex_intersection, grunt_ministairs_6,
          roderic_malta_cross, patterned_corridor
D:5:      layout_layer_cave, mainiacjoe_overflow_catch_the_wave,
          gup_sewer_entry_pipe

Skill      XL: |  1  2  3  4 |
---------------+-------------+-----
Axes           | 2 3 |  3.7
Shields        | 2 |  2.8
Fighting       | |  3.2
Dodging        | |  1.5
Stealth        | |  5.4

Action                   |  1- 3 |  4- 6 || total
-------------------------+-------+-------++-------
Melee: Hand axe          |   117 |   106 ||   223
       Punch             |     3 |       ||     3
  Use: Scroll            |     5 |     4 ||     9
       Potion            |     1 |       ||     1
 Stab: Sleeping          |     1 |       ||     1
Armor: Leather armour    |    34 |       ||    34
       Ring mail         |     2 |    33 ||    35
       Scale mail        |       |    33 ||    33
Dodge: Dodged            |    48 |    22 ||    70
Block: Tower shield      |     5 |    74 ||    79

Table legend:
 A = Non-vault XP
 B = Vault XP
 C = Vault XP percentage of total XP
 D = Non-vault monster count
 E = Vault monster count
 F = Vault count percentage of total count
                 A         B        C        D         E       F
            +---------+---------+-------+---------+---------+-------
      Total |     156 |      12 |   7.1 |      53 |       6 |  10.2
            +---------+---------+-------+---------+---------+-------
        D:1 |      39 |       0 |   0.0 |      22 |       0 |   0.0
        D:2 |      47 |      12 |  20.3 |      14 |       6 |  30.0
        D:3 |      32 |       0 |   0.0 |      11 |       0 |   0.0
        D:4 |      24 |       0 |   0.0 |       5 |       0 |   0.0
        D:5 |      14 |       0 |   0.0 |       1 |       0 |   0.0
            +---------+---------+-------+---------+---------+-------
